 Dungeon Crawl Stone Soup version 0.24-a0-249-g2af7e83 (webtiles) character file.

Game seed: 14790797340741189052

481 Borgoz the Cutter (level 7, 0/43 HPs)
             Began as a Kobold Gladiator on Apr 14, 2019.
             Slain by Duvessa
             ... wielding a +2 vampiric short sword
              (7 damage)
             ... on level 4 of the Dungeon.
             The game lasted 00:05:08 (3342 turns).

Borgoz the Cutter (Kobold Gladiator)                Turns: 3342, Time: 00:05:09

Health: 0/43       AC:  8    Str: 18    XL:     7   Next: 34%
Magic:  7/7        EV: 16    Int: 10    God:
Gold:   266        SH:  0    Dex: 16    Spells: 6/6 levels left

rFire    . . .     SeeInvis .   a - +0 rapier
rCold    . . .     Gourm    .   (shield restricted)
rNeg     . . .     Faith    .   i - +0 ring mail (curse)
rPois    +         Spirit   .   c - +0 helmet
rElec    .         Reflect  .   (no cloak)
rCorr    .         Harm     .   (no gloves)
MR       +....                  q - +0 pair of boots
Stlth    +.........             (no amulet)
HPRegen  0.14/turn              r - ring of protection from magic
MPRegen  0.10/turn              v - ring of poison resistance

@: mighty
A: small, carnivore
a: no special abilities


You were on level 4 of the Dungeon.
You were very full.

You visited 2 branches of the dungeon, and saw 5 of its levels.

You collected 266 gold pieces.

Inventory:

Hand Weapons
 a - a +0 rapier (weapon)
Missiles
 d - 2 throwing nets (quivered)
Armour
 c - a +0 helmet (worn)
 i - a cursed +0 ring mail (worn)
 o - a +3 leather armour
 q - a +0 pair of boots (worn)
Jewellery
 g - an uncursed ring of protection from cold
 r - a ring of protection from magic (left hand)
 u - a +4 ring of intelligence
 v - a ring of poison resistance (right hand)
 x - an uncursed amulet of faith
Scrolls
 h - a scroll of immolation {unknown}
 m - 2 scrolls of fog {unknown}
 s - 2 scrolls of teleportation {unknown}
 t - a scroll of random uselessness {unknown}
 y - 2 scrolls of remove curse {unknown}
Potions
 e - 2 potions of agility
 k - a potion of flight
 l - a potion of might
 n - 3 potions of lignification
Comestibles
 b - a chunk of flesh
 f - 8 rations


   Skills:
 + Level 4.0 Fighting
 + Level 5.7 Short Blades
 - Level 2.1 Throwing
 * Level 3.5 Armour
 + Level 5.3 Dodging


You had 6 spell levels left.
You didn't know any spells.
Your spell library was empty.

Dungeon Overview and Level Annotations

Branches:
Dungeon (4/15)             Temple (1/1) D:4

Altars:
Cheibriados
Dithmenos
Elyvilon
Fedhas
Gozag
Hepliaklqana
Kikubaaqudgha
Nemelex Xobeh
Qazlal
Ru
Sif Muna
Uskayaw
Vehumet
Xom
Yredelemnul

Annotations:
D:4 Dowan, Duvessa


Innate Abilities, Weirdness & Mutations

You are small and have problems with some larger weapons.
You are carnivorous and can eat meat at any time.


Message History

You throw a throwing net. The throwing net hits Duvessa.
Duvessa is caught in the net!
Duvessa is severely wounded.
Duvessa struggles against the net.
Dowan completely misses you.
You hit Duvessa.
Duvessa is almost dead.
Duvessa struggles against the net. x2
The net rips apart, and Duvessa comes free!
Dowan completely misses you.
You barely miss Duvessa.
Duvessa is almost dead.
Duvessa closely misses you. Dowan hits you with a +0 dagger.
* * * LOW HITPOINT WARNING * * *
You closely miss Duvessa.
Duvessa is almost dead.
Duvessa closely misses you. Dowan closely misses you.
You barely miss Duvessa.
Duvessa is almost dead.
Duvessa hits you with a +2 vampiric short sword!
You die...

#. .. ## ### #.#..
##... .# #...
##..#.#.## ##...
...#.....#####.).#
#...#.#...#...ee#
##...........##.@#
#...#.⌠.#...###..#
..#....)..#...#..##
#...⌠(>)⌠...#.....#
..#.......#.......#
#...#.⌠.#.........#
..........######.##
.###.#.#..# #.# ##
#......# #.#


You could see Duvessa and Dowan.

Vanquished Creatures
  A phantom (D:4)
  2 ogres (D:4)
  A hound (D:4)
  An iguana (D:4)
  2 orc wizards (D:3)
  3 adders
  An ooze (D:1)
  4 worms
  3 leopard geckos
  7 orcs
  4 giant cockroaches
  6 goblins
  4 hobgoblins
  4 jackals (D:1)
  A quokka (D:2)
  A ball python (D:1)
  10 bats
  A frilled lizard (D:1)
  10 kobolds
  12 rats
  A spectral orc (D:2)
79 creatures vanquished.

Notes
Turn   | Place    | Note
-------+----------+-------------------------------------------
     0 | D:1      | Borgoz the Kobold Gladiator began the quest for the Orb.
     0 | D:1      | Reached XP level 1. HP: 12/12 MP: 1/1
    40 | D:1      | Reached XP level 2. HP: 17/18 MP: 2/2
   253 | D:1      | Reached skill level 1 in Armour
   311 | D:1      | Reached XP level 3. HP: 20/22 MP: 3/3
   718 | D:2      | Reached XP level 4. HP: 25/27 MP: 4/4
  1037 | D:2      | Found a sparkling altar of Nemelex Xobeh.
  1187 | D:2      | Found a basalt altar of Yredelemnul.
  1261 | D:2      | Found a shadowy altar of Dithmenos.
  1725 | D:3      | Found a faded altar of an unknown god.
  2064 | D:3      | Reached XP level 5. HP: 27/32 MP: 5/5
  2349 | D:3      | Reached skill level 5 in Short Blades
  2468 | D:3      | Found a blossoming altar of Fedhas.
  2804 | D:4      | Reached XP level 6. HP: 32/37 MP: 6/6
  2849 | D:4      | Noticed an ogre
  2861 | D:4      | Killed an ogre
  2866 | D:4      | Reached skill level 5 in Dodging
  2940 | D:4      | Noticed a phantom
  2941 | D:4      | Found a staircase to the Ecumenical Temple.
  2945 | D:4      | Noticed an ogre
  2951 | Temple   | Entered the Ecumenical Temple
  3261 | D:4      | Killed an ogre
  3261 | D:4      | Reached XP level 7. HP: 42/42 MP: 7/7
  3324 | D:4      | Noticed Dowan
  3326 | D:4      | Noticed Duvessa
  3342 | D:4      | Slain by Duvessa

Levels and vault maps discovered:
D:1:      dpeg_arrival_pits, layout_rooms, kennysheep_another_room, minivault_24
D:2:      layout_loops_ring, nicolae_dithmenos_through_a_glass_darkly,
          yredelemnul_forgotten_temple_becter,
          nemelex_xobeh_ov_fountains_minmay, kennysheep_generic_room_16
D:3:      layout_loops_corners, fedhas_altar_fruit_tree,
          chequers_ecumenical_altar_island
D:4:      layout_rooms, makhleb_altar_promises_db, kennysheep_little_box,
          minmay_temple_entry_sparse_star, first_ration, serial_shops,
          nicolae_shop_window_shopping, minmay_lizard_king, uniq_duvessa
Temple:   minmay_temple_curvy_loop

Skill      XL: |  1  2  3  4  5  6  7 |
---------------+----------------------+-----
Armour         | 1 2 3 |  3.5
Dodging        | 4 5 |  5.3
Fighting       | 3 4 |  4.0
Short Blades   | 5 |  5.7
Throwing       | |  2.1

Action                   |  1- 3 |  4- 6 |  7- 9 || total
-------------------------+-------+-------+-------++-------
Melee: Rapier            |   127 |   196 |    27 ||   350
Throw: Throwing net      |       |     2 |     1 ||     3
  Use: Scroll            |       |     7 |       ||     7
       Potion            |       |     1 |     1 ||     2
 Stab: Invisible         |       |       |     4 ||     4
  Eat: Chunk             |     8 |     8 |       ||    16
Armor: Leather armour    |    22 |       |       ||    22
       Ring mail         |    23 |    44 |     5 ||    72
Dodge: Dodged            |   142 |   159 |    30 ||   331

Table legend:
 A = Non-vault XP
 B = Vault XP
 C = Vault XP percentage of total XP
 D = Non-vault monster count
 E = Vault monster count
 F = Vault count percentage of total count
                 A         B        C        D         E       F
            +---------+---------+-------+---------+---------+-------
      Total |     685 |       3 |   0.4 |      76 |       3 |   3.8
            +---------+---------+-------+---------+---------+-------
        D:1 |      54 |       0 |   0.0 |      31 |       0 |   0.0
        D:2 |      51 |       3 |   5.6 |      15 |       3 |  16.7
        D:3 |     139 |       0 |   0.0 |      23 |       0 |   0.0
        D:4 |     441 |       0 |   0.0 |       7 |       0 |   0.0
            +---------+---------+-------+---------+---------+-------
